[Event "44th Chess Olympiad Open 2022"]
[Site "Chennai"]
[Date "2022.07.29"]
[Round "1.4"]
[White "Shirov, Alexei"]
[Black "Toczek, Grzegorz"]
[Result "1-0"]
[WhiteElo "2704"]
[BlackElo "2287"]
[Annotator "TA"]
[PlyCount "53"]
[EventDate "2022.??.??"]
[TimeControl "60"]

1. e4 d6 2. d4 Nf6 3. Nc3 e5 4. Nf3 Nbd7 5. g4 Nxg4 6. Rg1 {[%emt 0:00:13] C41:
Philidor Defence.} Ngf6 7. Bc4 h6 {[%emt 0:
00:00] Inhibits Ng5.} 8. dxe5 {[%emt 0:02:04] The position is equal.} dxe5 9. Be3 c6 10. Qd3 b5 11. Bb3 Qa5 12.
O-O-O Ba6 {[%emt 0:11:56] ...b4 is the strong threat.} 13. Nd2
$1 Rd8 14. Qf1 {[%emt 0:15:04] [#]} (14. Bxa7
$2 b4 15. Nc4 Qc7 16. Rxg7 bxc3 17. Nd6+ Bxd6 18. Qxd6 Qxd6 19. Rxd6 Bb5 $19)
14... c5 $146 (14... g6 $11 {remains equal.}) ({Predecessor:} 
14... Qc7 15. f4 Bb7 16. a4 a6 17. Kb1 exf4 18. Bxf4 Ne5 19. Nf3 Rxd1+ 20. Nxd1
Nxf3 21. Qxf3 {1-0 (46) Martin Carmona,G (2205)-Iglesias Leon,F (2172) Linares
2017}) 15. Nd5 $2 (15. f4 $16) 15... c4 $15 16. Nxc4 $1 bxc4 17. Bxc4 Bb7 (17... Nxe4 18. Bxa6 Qxa2 19. Nc7+ Ke7 20. Nd5+ Ke8 21.
Nc7+ Ke7 22. Nd5+ Ke8 23. Nc7+ Ke7 $11) ({Black should play} 17... Bxc4 $17 18.
Qxc4 Bd6 19. Rxg7 (19. Nxf6+ Nxf6 20. Rxg7 Qc7 $17) 19... Nxd5 20. Rxd5 Qc7 21.
Qxc7 Bxc7) 18. Bd2 $11 Qc5 $1 19. Bb4 Qc8 $1 {[%emt 0:00:06] aiming for ...
Bxd5.} 20. Ba5 Nxd5 ({Don't do} 20... Nxe4
21. Nc7+ Ke7 22. Qe2 $16 (22. Qh3 $2 Nb6 $17)) (20... Bxd5 $11 21. Bxd5 Be7)
21. Bxd5 $16 {[%emt 0:00:00] And now Qb5 would win.} Ba6 {[%emt 0:01:51] [#]
Against Qb5} 22. Qh3 {[%emt 0:00:00] Strongly threatening Qh5.} Nb6 $1 23. Qh5 Rd7 24. Qxe5+ $40 {[%emt 0:00:00] White is out for blood.} Re7 {
[%emt 0:01:51] [#]} 25. Qd4 {[%emt 0:00:00] White is much more active. The
black rooks are badly placed.} Nxd5 26. Qa4+ $1 Qd7 $2 {[%emt 0:00:35] [#]} (26... Rd7 $16 27. Rxd5 (27. exd5 Be7 $14)
27... Bb7 28. Re5+ Be7) 27. Rxd5 $1 {[%emt 0:00:00] Pin. Weighted Error Value:
White=0.15 (very precise) /Black=0.26 (precise)} 1-0

[Event "44th Chess Olympiad Open 2022"]
[Site "Chennai"]
[Date "2022.07.29"]
[Round "1.4"]
[White "Anton Guijarro, David"]
[Black "Kett, Tim"]
[Result "1-0"]
[WhiteElo "2667"]
[BlackElo "2197"]
[Annotator "TA"]
[PlyCount "76"]
[EventDate "2022.??.??"]
[TimeControl "60"]

1. c4 e5 2. Nc3 Bb4 3. Nd5 Be7 4. Nf3 Nc6 5. d3 Nf6 6. g3 O-O 7. Bg2 d6 {[%emt 0:00:
00] A29: English Opening: Four Knights Variation with 4 g3.} 8. O-O Nxd5 9. cxd5 Nb4 {[%emt 0:00:53] The
position is equal.} 10. e4 f5 ({Black should
play} 10... c5 $11) 11. a3 $14 {[%emt 0:01:52] [#]} Na6 $146 (
{Predecessor:} 11... fxe4 12. dxe4 Na6 13. Ne1 c6 14. Nd3 cxd5 15. exd5 Bf5 16.
Be3 Qd7 17. Qb3 Bf6 {0-1 (40) Serper,G (2575)-Smyslov,V (2530) Tilburg 1992})
12. b4 {[%emt 0:01:19] Prevents Nc5. White is more active.} Qe8 13. Bb2 c5 {[%emt 0:04:46] Against d4} (13... fxe4 $14 14.
dxe4 Bg4) 14. dxc6 $1 $16 bxc6 15. exf5 Bxf5 16. Nd2 Nc7 17. Rc1 Bd7 18. Qc2 Bg5 19. Rcd1 (19. f4 exf4 20.
Rce1 (20. Qc3 $2 Qg6 $19) (20. Ne4 Bh6 $15) 20... Qg6 21. gxf4 (21. Bxc6 Bxc6
22. Qxc6 fxg3 $17) 21... Bxf4 $15) 19... Ne6 20. Nb3 (20. Nc4 $16 Be7 21. Rde1) 20... Qg6 (20... Qh5 $1 $15
21. h4 (21. Bxc6 Rac8 $17) 21... Bxh4) 21. Bxc6 (21. Na5 $14)
21... Rac8 $15 22. b5 Nf4 23. f3 (23. gxf4 $2 Bxf4+ 24. Kh1 Bxh2 $19) (23. Kh1 $1 $11
Qh5 24. f3 Bxc6 25. bxc6) 23... Bd8 (23... Bh4 $15 24. Kh1
Bxc6 25. bxc6 Bxg3) 24. Kh1 $11 Nh5 25. Rd2 Bb6 26. d4 Bf5 27. Qd1 {[%emt 0:00:48] [#] Threatens to win with g4.} Bh3 (27... Nxg3+ $2 28. hxg3 Qxg3 29. Rh2 $18) (27... Qh6 $14 28. Rg1 Be6) 28.
Rff2 $2 (28. dxe5 Bxf1 29. Qxf1 dxe5 $11) (28. Re1 $18) 28...
Qh6 (28... Nf6 $1 $11) 29. Kg1 ({Reject} 29.
dxe5 $6 Bxf2 30. Rxf2 dxe5 $11) (29. a4 $16) 29... Bf5 $2 (
29... Qg5 $14) 30. a4 {[%emt 0:00:44][%cal Ya3a4,Ya4a5] Strongly threatening
a5.} ({Weaker is} 30. dxe5 Bxf2+ 31. Rxf2 dxe5 $16) 30... a6 $2 {[%emt 0:00:18]
[#]} (30... Qg6 {was called for.} 31. a5 (31. dxe5 Nxg3 32. Bd4 Bxd4 $14) 31...
Bc7 32. dxe5 dxe5) 31. a5 $18 {[%emt 0:00:47] White is clearly winning.} Bxd4 32. Bxd4 exd4 33. Nxd4 axb5 34. Nxf5 Rxf5 35. Bd7 Rfc5 36. Bxc8 Rxc8 37. a6 Qe3 38. Kg2 Nf6 {[%emt 0:00:00] Weighted Error Value: White=0.31/Black=0.64
} 1-0

[Event "44th Chess Olympiad Open 2022"]
[Site "Chennai"]
[Date "2022.07.29"]
[Round "1.4"]
[White "Blackburn, Jonathan L B"]
[Black "Vallejo Pons, Francisco"]
[Result "0-1"]
[WhiteElo "2176"]
[BlackElo "2702"]
[Annotator "TA"]
[PlyCount "90"]
[EventDate "2022.??.??"]
[TimeControl "60"]

1. d4 d6 2. Nf3 g6 3. c4 Bg7 4. Nc3 Nf6 5. e4 O-O 6. Be2 Nbd7 7. h3 e5 8. d5 Nc5 9. Qc2 Nh5 {
[%emt 0:05:58] E93: King's Indian: Classical: Petrosian System with 7...Nbd7.}
10. b4 Nd7 {[%emt 0:03:52] [#]} 11. Rb1 $146 ({Predecessor:} 11. Bg5 f6 12. Be3 f5 13. exf5 gxf5 14. Ng5 Ndf6 15. g4 Nf4 16.
gxf5 N6xd5 17. Nxd5 Qxg5 {0-1 (26) Kananub,W (2169)-Laohawirapap,P (2197)
Bangkok 2022}) 11... Nf4 {[%emt 0:06:53] The position is equal.} 12. Bf1 a5 13. a3 f5 14. g3 Nh5 (14... axb4 $11 15. axb4 fxe4 16.
Nxe4 Nf6) 15. Ng5 Nb8 (15... Ndf6 $1 $14) 16.
exf5 $1 $16 gxf5 {[%emt 0:01:05] [#]} ({Black should play} 
16... axb4 17. axb4 gxf5) 17. Be2 (17. b5 $1 $16) 17... axb4
$14 18. axb4 ({Reject} 18. Bxh5 bxc3 19. Qxc3
Qe7 $15) ({Of course not} 18. Rxb4 Nf6 $11) 18... Qe8 {[%emt 0:03:42] [#]} (
18... Nf6 $14) 19. Nb5 (19. c5 $1 $16) 19... Na6 $11 20. Bd2 ({White should try} 20. Ne6 $14 Bxe6 21. dxe6)
20... Qg6 (20... Nf6 $5 ) 21. c5 Bf6 22. h4 Be7 23. cxd6 (23. Nc3 $14) 23... cxd6 24. Qd1 Nf6 25. h5 (25. f4 $5 )
25... Qg7 26. h6 Qg6 27. Nc3 Ng4 ({Better is} 27... Nc7 $15) 28. Nf3 (28. Ne6 $1 $11 Bxe6 29. dxe6) 28... Bd7 $17 29. Nh4 Qf7 30. f4 (30. Nf3
$142) 30... Rae8 (30... exf4 $17 31. Bxf4 Bf6) 31. Ng2 (31. fxe5 $1 $11 dxe5 32. d6) 31... Bd8 {[%emt 0:00:49]
Threatens to win with ...Qf6.} 32. Kf1 (32. fxe5 $17 {was
called for.} dxe5 33. Nh4) 32... Bb6 $19 33. Qb3 Qg6 {[%emt 0:00:33][%cal Yg4h2] White must now prevent ...Nh2+!} 34. Nh4 Qxh6 {[%emt 0:00:40] aiming for ...Be3.} 35. Kg2 Qg7 {[%emt 0:00:26] Hoping for ...Be3.} 36. Bxg4 fxg4 ({Worse is} 36... Qxg4 37. Nf3 Bd8 38. Rbe1 $19) 37.
Rbe1 $2 (37. Rhf1) 37... exf4 {[%emt 0:00:44] Black is
clearly winning.} 38. Bxf4 Qd4 39. Nd1 {[%emt 0:00:01] Inhibits Qf2+.} Nxb4 (39...
Rxe1 $142 40. Rxe1 Rxf4) 40. Rhf1 Qxd5+ (
40... Rxe1 $142 41. Rxe1 Rxf4) 41. Qxd5+ Nxd5 42. Bxd6 (42. Bh6 $142 Rxf1 43. Rxe8+ Bxe8 44. Kxf1) 42...
Rxe1 43. Rxf8+ Kg7 44. Nf2 Ne3+ 45. Kh2 Bc6 {[%emt 0:00:
00] Weighted Error Value: White=0.86/Black=0.42} 0-1

[Event "44th Chess Olympiad Open 2022"]
[Site "Chennai"]
[Date "2022.07.29"]
[Round "1.4"]
[White "Bullen, Alex"]
[Black "Santos Latasa, Jaime"]
[Result "0-1"]
[WhiteElo "2106"]
[BlackElo "2675"]
[Annotator "TA"]
[PlyCount "132"]
[EventDate "2022.??.??"]
[TimeControl "60"]

1. d4 Nf6 2. Nf3 d5 3. c4 e6 4. g3 Bb4+ 5. Bd2 Be7 6. Bg2 Nbd7 7.
O-O c6 8. Qc2 O-O 9. Bf4 Ne4 10. Nc3 g5 {[%emt 0:00:37] 10...g5 is better than 10...f5. E08: Closed Catalan: Main
Line: 7 Qc2.} 11. Bc1 f5 12. b3 Bf6 {[%emt 0:12:46] The position is equal.} 13. e3 {[%emt 0:04:58] [#]} h5
$146 ({Predecessor:} 13... g4 14. Ne1 h5 15. Nd3 Kg7 16. Ne2
Rh8 17. Bb2 h4 18. Nef4 Qe8 19. Rad1 hxg3 20. fxg3 {1-0 (39) Dziuba,M (2580)
-Risting,E (2305) Oslo 2018}) 14. Bb2 Bg7 (
14... g4 $11) 15. Rad1 Qe7 16. h4 Bf6 (16... g4 $14) 17. hxg5 Bxg5 18. Ne2 h4 19. gxh4 Bh6 20. Ng5 ({White should try} 20.
Nf4 $16) 20... Nxg5 21. hxg5 Bxg5 22. Nf4 {[%emt 0:08:22] Strongly threatening Ng6.} (22. Bf3 $5 ) 22... Rf7 23. Rfe1 Rg7 24. Qe2 (24. Nd3 $11)
24... Nf6 $15 25. Nh5 Nxh5 26. Qxh5 Bd7 $1 27. Kf1 Bh4 ({Better is} 27... Rf8 $17) 28. Rd2 (28. Ke2
$11 {keeps the balance.}) 28... Rg4 $17 {[%emt 0:08:22] ...Rf8 is the strong
threat.} 29. Bf3 {[%emt 0:03:23] [#]} Kg7 $1 30. Bxg4 $11 Be8 $1 31. Ba3 $1 Qf6 32. Bf8+ $2 {[%emt 0:02:15] White does not recover from this.}
Kxf8 $19 33. Qh7 fxg4 34.
Qxb7 Rd8 35. Kg1 (35. cxd5 cxd5 36. Kg1 Bg6) (35. Qxa7 $142 g3 36. Qc7) 35...
Bg6 36. cxd5 exd5 37. Rc1 Be8 {[%emt 0:00:34] This bishop pair is nice.} (37... Be4 $142
{( -> ...Qf3)} 38. Qc7 (38. Qxc6 $2 Qf3 $19) 38... Kg8) 38. Qxa7 Rd7 {[%emt 0:01:35] Against Qc7} 39. Qb8 ({And not} 39.
Qc5+ Re7 40. Qb6 Qf3 $19) 39... Rf7 40. Qh2 g3 41. fxg3 Bxg3 42. Qg2 {[%emt 0:00:00] [#]} (42. Qxg3 Rg7 43. Qg2 Rxg2+ 44. Rxg2) 42...
Qh6 $1 43. Qxg3 Rg7 44. Rf1+ ({But not} 44. Rf2+ Ke7 45. Qxg7+ Qxg7+ 46. Rg2 Qh6 $19) 44...
Ke7 {[%emt 0:00:00] Chess con chili.} 45. Qxg7+ Qxg7+ 46. Rg2 Qh6 47. Rf4 Bg6 48. Rgg4 Bd3 {[%emt 0:00:00]
White must now prevent ...Qh3.} 49. Kg2 {[%emt 0:00:00] Prevents Qh3+.} Kd6 50. b4 Bc2 51. Kf2 Kc7 52. Rg1 $2 (52. Rh4 Qg6 53. Rh8)
52... Kb6 53. Rc1 Qh2+ 54.
Ke1 Bd3 55. Rf2 Qg1+ 56. Kd2 Qxf2+ 57. Kxd3 Qxa2 {[%emt 0:00:00] KQ-KR} 58. Rc3 Qb2 59. Rc2 Qb3+ 60.
Kd2 Qxb4+ 61. Kd3 Kc7 62. Rc5 Qe1 {[%emt 0:00:00] Black mates.} 63.
Rc2 Kd6 64. Rh2 Qd1+ 65. Kc3 Qc1+ 66. Kd3 Qa3+ {[%emt 0:00:00] Weighted Error Value: White=0.82/Black=0.
29 (precise)} 0-1

[Event "44th Chess Olympiad Open 2022"]
[Site "Chennai"]
[Date "2022.07.29"]
[Round "1.5"]
[White "Piorun, Kacper"]
[Black "Altorky, Amer"]
[Result "1-0"]
[WhiteElo "2636"]
[BlackElo "2040"]
[Annotator "TA"]
[PlyCount "79"]
[EventDate "2022.??.??"]
[TimeControl "60"]

1. e4 d5 2.
exd5 Qxd5 3. Nc3 Qd6 4. d4 Nf6 5. Nf3 c6 6. g3 {[%emt 0:00:15] B01: Scandinavian Defence.} Bg4 7. Bg2 e6 8. O-O {[%emt 0:
00:00] White is slightly better.} Be7 9. Bf4 $1 {[%emt 0:00:
00] 9.Bf4 scores better than 9.h3.} Qd8 10. h3 Bh5 11. Ne2 $5 {[%emt 0:00:40] Leaves trodden paths.} (11.
g4 $5 Bg6 12. Bg3 $14) 11... Nbd7 12. c4 O-O 13. Nc3 {[%emt 0:03:30] [#]} h6 $146 ({Predecessor:} 13... a6 14. Re1 Re8 15. Qd2 Nf8 16. g4 Bg6 17.
Ne5 N8d7 18. Rad1 Nb6 19. a3 Qc8 {0-1 (42) Heredia Serrano,C (2116)-Popilski,G
(2499) Brownsville 2017}) 14. Qe2 Re8 15.
Rad1 Qa5 16. g4 Bg6 17. a3 Rad8 18. Rfe1 Bh7 19. Bg3 Bf8 (19... Qa6 $14) 20. Qe3 Rc8 21. Ne5 Rcd8 22. Nf3 {[%emt 0:02:27] White is more
active.} ({White should play} 22. f4 $16) 22... c5 {[%emt 0:00:00] [#]} (22...
Rc8 $1 $11) 23. Nb5 $1 $16 {[%emt 0:08:05] Black is now going downhill.} Rc8 {
[%emt 0:00:00] Inhibits Bc7.} 24. dxc5 Bxc5 25. Qe2 $36 {[%emt 0:01:33] And now b4 would win. Keeping Black busy.} Qa4 26. b4 Be7 27. g5 hxg5 28. Nxg5 Qc2 $2 (28... a6 {was called for.}) 29. Nxh7 $18 {[%emt 0:02:03] White is clearly
winning.} Qxh7 30. Bxb7 Nb6 31. Bxc8 Rxc8 32. c5 Nbd5 33. Nxa7 Ra8 34. Nc6 Qxh3 35. Qf3 Bf8 36. Rd4 g5 37. Ne5 {
[%emt 0:00:52][%cal Yd4d5] [#] Threatens to win with Rxd5!} Bg7 38. c6 Ra7 39. b5 Nf4 40. Bxf4 {[%emt 0:00:15] Weighted Error Value: White=0.17 
(very precise) /Black=0.33} 1-0

[Event "44th Chess Olympiad Open 2022"]
[Site "Chennai"]
[Date "2022.07.29"]
[Round "1.5"]
[White "Bartel, Mateusz"]
[Black "Eiti, Bashir"]
[Result "1-0"]
[WhiteElo "2597"]
[BlackElo "2337"]
[Annotator "TA"]
[PlyCount "139"]
[EventDate "2022.??.??"]
[TimeControl "60"]

1. c4 {[%emt 0:00:04]
ChessBase II} Nf6 2. Nf3 c6 3. Nc3 d6 4. d4 Bf5 5. Nh4 Bg4 6. h3 {[%emt 0:00:
00] A53: Old Indian Defence without Nf3.} Bh5 7. g3 Nbd7 8. Bg2 {[%emt 0:00:34] White is better.} e5 9. O-O Be7 {[%emt 0:05:25] [#]} 10. d5 $146 ({Predecessor:} 10. Nf5 O-O 11. Nxe7+ Qxe7 12. b3 Rfe8 13. Ba3
e4 14. Qc1 Qe6 15. d5 cxd5 16. cxd5 {1-0 (41) Biebinger,G (2402)-Mohrlok,D 
(2330) Rheda Wiedenbrueck 2001 EXT 2002 [ChessBase II]}) 10... cxd5 11. cxd5 ({Much worse is} 11. Nxd5 $6 Nxd5 12. Qxd5 (
12. Bxd5 Bxh4 13. gxh4 Qxh4 $11) 12... Bxh4 13. gxh4 O-O $14) (11. Nf5 $16)
11... O-O $14 12. Qb3 (12. Nf5 $14) 12... Nc5
$11 13. Qa3 Qd7 (13... a5
$11 {remains equal.}) 14. b4 $16 Na6 15. e4
$1 Rfc8 16. Qb3 {[%emt 0:00:55] Prevents Rc4.
} Rc7 17. Be3 Rac8 18. Rfc1 b5 (18... g6 $16) 19. Nf5 Bf8 20. g4 Bg6 21. Bf1 Rb7 22. f3 (22. Bxb5 $18 {
and White stays clearly on top.} Rxb5 23. Nxb5 Rxc1+ 24. Rxc1 Bxf5 25. gxf5
Qxb5 26. Qc4) 22... Nc7 23. Ne2 {[%emt 0:01:13] White is much
more active.} Bxf5 24. gxf5 Nh5 25. Rc6 Ne8 (25... Ra8 $14) 26. Rac1 ({Better is} 26. Rxc8 $1 $16 Qxc8 27. Rc1) 26... Rcb8 $14 27. Qc3 g6 28. fxg6 hxg6 29. Rc8 Kh7 30.
Qc6 {[%emt 0:02:49] Strongly threatening Qxd7.} Qe7 31. Rc3 Bh6 32. Bf2 Bd2 {[%emt 0:00:
00] White must now prevent ...Rxc8.} 33. Rxb8 Rxb8 34. Ra3 Rb7 35. Ra5 $2 (35. Rb3 $1 $11 {and White has nothing to worry.}) 35... Bxb4 $2 (35... Rc7 $1 $19 36. Qxb5 Qg5+ 37. Kh2 Bf4+ 38. Kh1 Be3
) 36. Rxb5 $15 Rc7 37. Qa8 Bc5 38. Bxc5 dxc5 39. Rb8 Qg5+ $2 (39... Nhf6 $15 {keeps the upper hand.
}) 40. Kh1 Nhf6 41. d6 ({
Worse is} 41. Rxe8 Nxe8 42. Qxe8 Rb7 $11) 41... Rd7 42. Rxe8 Nxe8 43. Qxe8 Qd8 44. Qxe5 Qb6 45. Nc3 {[%emt 0:00:00]
Nd5 is the strong threat.} Qxd6 46. Qxd6 Rxd6 47. Nd5 Rd8 48. Bc4 Rb8 49. Bb3 a5 50. Ne3 ({White should play} 50. Kg2 $18) 50... a4 $16 51. Bd5 Kg7 {[%emt 0:00:00] [#]} 52. Nc4 $1 {
[%emt 0:00:00] Against Rb2} f5 (52... Rb1+ $16 53. Kg2 f6) 53.
Kg2 $18 Rb1 54. h4 fxe4 55. fxe4 Rc1 56. Kf3 Kf6 57. e5+ Kf5 $2 (57... Ke7 58. Nb6 Rf1+ 59. Kg3 Rd1) 58. e6 Kf6 59. Ne3 $2 (59. Nb6) 59... Rh1 $2 (59... Ke7 60. h5 gxh5 61. Nf5+ Kf6) 60. Kg3 Rb1 61. Kf4 Rb4+ 62. Bc4 {
[%emt 0:00:12] White wants to mate with Nd5+.} Rb8 63. Ng4+ Ke7 64. Ne5 {[%emt 0:00:58] White threatens
Nc6+ and mate.} Rf8+ 65. Ke4 Rf6 66. Nd3 $2 (66. a3 Kd6 {[#]} 67. Ke3 $1) 66... Kd6 $2 (66... Rf5 $18 67. Nf4 Rf6) 67. Nf4 {[%emt 0:00:50] White
mates.} Rf5 68. Nxg6 Rf6 69.
e7 Rf1 70. Bxf1 {[%emt 0:00:45] Never resign
too early! Weighted Error Value: White=0.39/ Black=0.47} 1-0

[Event "44th Chess Olympiad Open 2022"]
[Site "Chennai"]
[Date "2022.07.29"]
[Round "1.5"]
[White "Koniahli, Malek."]
[Black "Moranda, Wojciech"]
[Result "0-1"]
[WhiteElo "2238"]
[BlackElo "2636"]
[Annotator "TA"]
[PlyCount "94"]
[EventDate "2022.??.??"]
[TimeControl "60"]

1. c4 Nf6 2. Nc3 c5 3. Nf3 e6 4. e3 d5 5. cxd5 Nxd5 6. d4 cxd4 {[%emt 0:00:12] D41: Queen's Gambit Declined: Semi-Tarrasch with
5 cxd5.} (6... Be7 {is more complex.} 7. Bd3 O-O 8. a3 Nxc3 9. bxc3 Nd7) 7.
Nxd5 (7. exd4 {keeps more tension.} Bb4 8. Bd2 O-O 9. Bd3)
7... Qxd5 8. Qxd4 Qxd4 {[%emt 0:00:48] The
position is equal.} 9. Nxd4 Bd7 $5 {[%emt 0:00:36] A
promising side line.} 10. Bd2 {[%emt 0:04:41] [#]} Nc6 $146 ({
Predecessor:} 10... Bd6 11. Be2 e5 12. Nb5 Bxb5 13. Bxb5+ Ke7 14. Ke2 a6 15.
Ba4 b5 16. Bb3 Nd7 {½-½ (41) Muench,W (1644)-Beuschel,U (1375) Nuremberg 2001
}) 11. Nxc6 Bxc6 12. Rc1 Bd6 13. Bc3 f6 14. Bc4 Ke7 ({Don't play} 14... Bxg2 15. Rg1 Bc6 16. Rd1 $14 (
16. Bxe6 Ke7 $11) (16. Rxg7 Bf8 $14)) 15. O-O Rac8 16. Bb3 h5 17. Rfd1 h4 18. Rxd6 Kxd6 $17 19.
Bb4+ Kc7 (19... Ke5 $17 {aiming for ...Bd5.}
20. f3 Bd5 21. Bc3+ Kd6 22. Bb4+ Kd7 23. Ba4+ Bc6) 20. Bxe6 $15 Rcd8 21. Bc3 Kb8 22. h3 Bd5 23. Bxd5 Rxd5 $17 {
[%emt 0:00:10] Endgame KRR-KRB} 24. Kf1 Rc8 25. Re1 Re8 26. e4 Rc5 27. f3 Kc7 28. Kf2 Kd7 29. f4 Ke6 30.
Rd1 g6 31. Kf3 f5 32. Re1 (32. Rd4 $17 {keeps fighting.}) 32... Kf7 $19 33. e5 Ke6 34. Re3 Rd8 35. Be1 (35. g3 $142) 35... Rc2 36. Rb3 (36. Re2 $142 Rd3+ 37. Kf2) 36... b6 37. Bxh4 Rd1 ({Not} 37...
Rdd2 $2 38. Be1 Rxg2 39. Rd3 $19) 38. g4 Rh2 {[%emt 0:02:24] 
[#] White must now prevent ...Rf1+.} 39. Rc3 Rxh3+ 40. Bg3 Rd2 41. Rc6+ Kd7 42. Rc3 (42. Rd6+ $142 Rxd6 43. exd6)
42... Rxb2 {[%emt 0:00:49] Black is clearly winning.} 43. Rd3+ Ke7 44. a3 b5 45. Rc3 a5 46. Rc7+ Kd8 47. Rc3 a4 {[%emt 0:00:13] Weighted
Error Value: White=0.61/Black=0.12 (very precise)} 0-1

[Event "44th Chess Olympiad Open 2022"]
[Site "Chennai"]
[Date "2022.07.29"]
[Round "1.5"]
[White "Chekh Adm Khedr, Aram"]
[Black "Wojtaszek, Radoslaw"]
[Result "0-1"]
[WhiteElo "2147"]
[BlackElo "2708"]
[Annotator "TA"]
[PlyCount "115"]
[EventDate "2022.??.??"]
[TimeControl "60"]

1. e4 c5 2. Nf3 d6 3. d4 cxd4 4. Nxd4 Nf6 5. Nc3 a6 6. Be2 e6 7. O-O Qc7 8. f4 Nc6 9. Kh1 Bd7 {[%emt 0:01:30] B84: Sicilian
Scheveningen: 6 Be2 a6, lines without early Be3.} 10. f5 Be7 11. fxe6 fxe6 {[%emt 0:00:06] [#] White is
slightly better.} 12. Bh5+ $146 ({Predecessor:} 12. Nxc6 Bxc6
13. Bh5+ g6 14. Bg4 Bd7 15. Bg5 O-O 16. Bh6 Rf7 17. Qf3 Bf8 18. Bg5 {½-½ (42)
Sallai,K (2215)-Zoldi,Z (2180) Hungary 2010}) 12... g6 13. Bg4 (13. Nxc6 $14 {stays ahead.} Qxc6 14. Bf3) 13... Nxd4 ({Better is} 13... Nxg4 $17 14. Nxc6 Nxh2 15. Kxh2 (15. Qd4 e5
$17) 15... Qxc6) 14. Qxd4 $11 O-O 15. Bh3 e5 16. Qd3 {[%emt 0:02:26] Threatens to win
with Bh6.} Bxh3 17. Qxh3 {[%emt 0:00:15] [#]} (17. gxh3 $11
Kg7 18. Be3) 17... Ng4 $1 18. Be3 Rxf1+ 19. Rxf1 Qc4 20. Kg1 Nxe3 $40 {[%emt 0:01:47] Black attacks.} 21. Qxe3 {[%emt 0:00:
06] And now Nd5 would win.} d5 {[%emt 0:00:04] White must now prevent ...Bc5.}
22. Qd3 $1 (22. Nxd5 $2 Bc5 23. h3 Bxe3+ $19) 22... Qxd3 23. cxd3 {[%emt 0:00:06] Endgame KRB-KRN} Bc5+ 24. Kh1 dxe4 25. dxe4 Bd4 26. Nd5 (26. Ne2 $11) 26... Bxb2 $17 27. h3 Rf8 28. Rb1 Rf2 29. Kh2 h5 30. Kg3 Rd2 31. a4 Kg7 (31... a5 $142 32. Kf3 b5 33. axb5 a4) 32. Kf3 b5 33. axb5 axb5 34. Nc7 b4 {[%emt 0:00:03] Black is more active.} 35.
Nd5 (35. h4 $17) 35... Bd4 $1 $19 ({Stronger
than} 35... b3 36. Ne3 Rc2 37. Nd1 $11 (37. Nxc2 $2 bxc2 38. Rh1 c1=Q $19)) 36.
h4 $2 (36. Nxb4 Rf2+ 37. Kg3) 36... Rd3+ $1 37. Ke2 Rg3 38. Rxb4 Rxg2+ 39. Kf3 Rf2+ $2 (39... Rg4 $1
$19 {has better winning chances. Hoping for . ..Kh6.} 40. Rb7+ Kh6) 40. Kg3 $17 Rf7 41. Rc4 (41.
Kh3 $17 {was necessary.}) 41... Bf2+ $19 42. Kh3 Rf3+ $1 43. Kg2 {[%emt 0:00:12] [#]} Rf8 44. Kh3 Ra8 45. Rc7+ Kh6 46. Rc6 Ra7 {[%emt 0:03:40] Inhibits Ne7.} 47.
Rc2 (47. Rc3 $142) 47... Be1 {[%emt 0:01:26] ...Ra3+ is the
strong threat.} 48. Re2 Ra3+ 49. Re3 {
[%emt 0:00:04] [#]} Ra1 50. Rb3 Ba5 {[%emt 0:
01:37] aiming for ...Bd8.} 51. Kg2 (51. Ne7 $142) 51... Bd8 52. Rh3 Re1 53. Kf3 Rg1 {[%emt 0:00:06] Strongly threatening ...Rg4.} 54. Ne3 {[%emt 0:00:
37] Inhibits Rg4.} Bb6 55. Nd5 Bc5 56. Rg3 $2 (56. Rh2 {might work better.}) 56... Rh1 57. Rg5 Bd6 58. Rg2 {[%emt 0:
01:10] Weighted Error Value: White=0.35/Black=0.20 (precise)} 0-1

[Event "44th Chess Olympiad Open 2022"]
[Site "Chennai"]
[Date "2022.07.29"]
[Round "1.6"]
[White "Mamedov, Rauf"]
[Black "Nassr, Ali"]
[Result "1-0"]
[WhiteElo "2656"]
[BlackElo "2263"]
[Annotator "TA"]
[PlyCount "83"]
[EventDate "2022.??.??"]
[TimeControl "60"]

1. e4 c5 2. Nf3 e6 3. c3 Nc6 4. d4 cxd4 5. cxd4 d5 6. e5 Nge7 7. Bd3 {[%emt 0:05:41] 7.Nc3 is more fashionable.
} Nf5 8. Bc2 {[%emt 0:08:29] C02: French: Advance Variation.}
Be7 9. Nc3 O-O 10. O-O {
[%emt 0:14:59] [#] White is slightly better.} Nh4 $146 ({
Predecessor:} 10... a6 11. a3 Bd7 12. Bxf5 exf5 13. Nxd5 Be6 14. Nxe7+ Nxe7 15.
Bg5 h6 16. d5 Bxd5 17. Bxe7 Qxe7 18. Qxd5 {1-0 (31) Rajarshi,D (1873)-Chauhan,
A (1570) Kankarbagh 2015}) 11. Nxh4 Bxh4 12.
Be3 Be7 13. Rc1 Na5 14. Qg4 f5 15. exf6 Bxf6 16. b3 Nc6 17.
Qd1 Bd7 18. Na4 b6 {[%emt 0:
00:00] Inhibits Nc5.} 19. Nc3 Rc8 20. Bb1 Ne7 21. Qd3 g6 22. Qd2 Nc6 23. Rfe1 a6 24. Kh1 b5 25. Ne2 Qb6 26. Red1 Be7 27. Ng1 Ba3 28.
Rc2 (28. Rc3 {feels hotter.} Qa5 29. Bh6 Bb4 30. Bxf8 Bxc3 31.
Qh6) 28... Ne7 29. Nf3 Rxc2 30. Bxc2 Nf5 31. Bxf5 exf5 32. Ne5 Be6 (32... Qd6 $16)
33. Bh6 $18 Rc8 {[%emt 0:00:46] [#]} 34. Qg5 {[%emt 0:00:44]
Inhibits Be7.} (34. b4 $1 $18 {and White stays clearly on top.}) 34... Qd8 35. Qe3 {[%emt 0:00:57][%cal Yb3b4] b4! is the strong threat.}
Bf7 (35... Qe7 $142) 36. h3 (36. Nxf7 $16
Kxf7 37. Qe5) 36... Qh4 {[%emt 0:01:51] [#]} ({Black should play} 36... Bd6 $14
) 37. Qd2 $1 $16 Qe7 38. Qa5 Ra8 39. Qb6 {[%emt 0:01:09] 0x0.001686fe916ddp-1022s more
active pieces.} Be6 $2 (39... Be8 $16 40. Re1 Bd6) 40. Re1 Re8 41. Qxa6 {[%emt 0:31:00] Threatens to win
with b4.} Qd6 42. Qxb5 {[%emt 0:00:00] Weighted Error Value:
White=0.10 (very precise) /Black=0.24 (precise)} 1-0